Map: Abyssal Reef LE

Players

daydrA

  • Race: Zerg Zerg
  • Spawn Location: 5:00

Nistic - Winner!

  • Race: Zerg Zerg
  • Spawn Location: 11:00

Event: WCS Austin 2017

VOD

Have the link to the VOD?

Description

Time

  • Played on: April 28, 2017, 2:56 p.m.
  • Length: 7:29

All games in this series

Show
View Real Time Build Order
Export as new Build Order

daydrA Zerg 

Build Orders: Hatch First, Zergling Baneling 

Get SALT Encoding   

  12  0:00  Drone  
  13  0:08  Drone  
  14  0:15  Drone, Extractor  
  15  0:39  Hatchery  
  14  0:44  Extractor  
  13  0:56  Spawning Pool  
  12  0:59  Drone  
  13  1:07  Overlord  
  13  1:13  Drone  
  14  1:42  Queen  
  14  1:43  Zergling x4  
  18  1:47  Metabolic Boost  
  18  1:55  Zergling x2  
  18  1:58  Zergling x2  
  20  2:06  Zergling x2  
  21  2:13  Baneling Nest  
  20  2:16  Zergling x2  
  20  2:21  Zergling x2  
  22  2:30  Zergling x2  
  22  2:34  Zergling x2  
  24  2:37  Zergling x2  
  25  2:45  Zergling x2  
  25  2:49  Zergling x2  
  27  2:55  Zergling x2  
  28  3:04  Overlord  
  28  3:07  Baneling  
  28  3:08  Baneling  
  28  3:19  Overlord  
  28  3:24  Zergling x2  
  29  3:29  Baneling x2  
  28  3:35  Zergling x2  
  27  3:44  Zergling x4  
  27  3:48  Baneling  
  26  3:53  Zergling x2  
  22  4:07  Drone x2  
  22  4:11  Drone  
  22  4:13  Drone  
  24  4:24  Baneling x2  
  24  4:28  Drone  
  24  4:29  Baneling  
  25  4:33  Zergling x2  
  25  4:35  Zergling x2  
  25  4:37  Zergling x2  
  28  4:47  Zergling x4  
  30  4:57  Drone x3  
  33  5:10  Drone  
  33  5:11  Zergling x2  
  33  5:12  Zergling x4  
  37  5:16  Overlord  
  37  5:25  Baneling x6  
  37  5:29  Drone  
  37  5:31  Drone  
  39  5:42  Baneling  
  39  5:48  Drone  
  39  5:49  Drone x3  
  40  5:52  Drone x2  
  39  6:00  Drone x2  
  40  6:05  Zergling x2  
  40  6:08  Zergling x4  
  43  6:11  Overlord  
  43  6:29  Queen  
  45  6:33  Zergling x2  
  45  6:34  Zergling x4  
  45  6:36  Zergling x2  
  45  6:37  Zergling x2  
  45  6:38  Hatchery  
  49  6:41  Zergling x4  
  49  6:45  Overlord  
  51  6:58  Baneling x5  
  51  7:00  Overlord x2  
  51  7:05  Zergling x4  
  51  7:08  Zergling x4  
  52  7:10  Zergling x2  
  52  7:12  Zergling x2  
Show
View Real Time Build Order
Export as new Build Order

Nistic Zerg - Winner!

Build Orders: Hatch First, Zergling Baneling 

Get SALT Encoding   

  12  0:01  Drone  
  13  0:08  Drone  
  14  0:16  Overlord  
  14  0:22  Extractor  
  14  0:23  Drone  
  15  0:35  Drone x2  
  17  0:53  Hatchery  
  16  0:58  Extractor  
  16  1:00  Drone  
  16  1:12  Spawning Pool  
  16  1:15  Drone  
  16  1:17  Drone  
  17  1:23  Drone  
  18  1:30  Drone  
  19  1:39  Overlord  
  19  1:49  Drone  
  20  1:58  Queen  
  22  2:01  Zergling x2  
  22  2:03  Metabolic Boost  
  22  2:05  Zergling x2  
  24  2:13  Queen  
  26  2:18  Drone  
  27  2:24  Baneling Nest  
  27  2:25  Drone  
  27  2:29  Drone  
  28  2:32  Drone  
  29  2:39  Zergling x2  
  29  2:42  Zergling x4  
  32  2:48  Zergling x2  
  33  2:57  Zergling x2  
  34  3:08  Baneling  
  34  3:09  Baneling  
  34  3:10  Zergling x4  
  34  3:12  Baneling x2  
  36  3:13  Baneling  
  36  3:16  Overlord  
  36  3:17  Spine Crawler  
  35  3:37  Zergling x2  
  35  3:38  Zergling x8  
  39  3:45  Zergling x4  
  39  3:46  Baneling x2  
  39  3:53  Baneling x2  
  39  3:55  Queen  
  35  4:06  Zergling x10  
  38  4:18  Drone x2  
  40  4:26  Drone  
  41  4:33  Overlord  
  41  4:35  Drone  
  42  4:42  Drone  
  43  4:46  Drone  
  43  4:47  Overlord  
  43  4:54  Drone x5  
  48  5:06  Baneling x2  
  48  5:09  Hatchery  
  46  5:19  Roach Warren  
  46  5:27  Drone x2  
  46  5:28  Drone x4  
  51  5:35  Overlord x2  
  47  5:50  Drone x3  
  47  5:53  Extractor  
  43  6:00  Roach x3  
  49  6:07  Roach  
  51  6:13  Roach  
  51  6:14  Roach x3  
  51  6:18  Roach  
  61  6:23  Hatchery  
  61  6:24  Roach x3  
  66  6:29  Overlord  
  66  6:36  Roach  
  68  6:40  Roach  
  68  6:41  Roach x3  
  68  6:46  Overlord  
  76  6:56  Zergling x2  
  76  6:57  Zergling x6  
  80  7:04  Zergling x2  
  80  7:05  Zergling x2  
  79  7:20  Hatchery  
Tags
 
Add a new tag
Caveats
  • Supply blocks, unpowered buildings, or Contaminate may cause inaccurate times.
  • Supply counts are checked every 10 seconds.